[Event "GambitGuide"]
[Site "Internet Chess Club"]
[Date "2014.10.30"]
[Round "1"]
[White "JSBach"]
[Black "RamRock"]
[Result "1-0"]
[ICCResult "Black resigns"]
[WhiteElo "1660"]
[BlackElo "1685"]
[Opening "Vienna: `Frankenstein-Dracula' variation"]
[ECO "C27"]
[NIC "VG.02"]
[Time "23:56:42"]
[TimeControl "120+12"]

1. e4 e5 2. Nc3 Nf6 3. Bc4 Nxe4 4. Qh5 Nd6 5. Bb3 Nc6 6. Nb5 g6 7. Qf3 f5 8.
Qd5 Qe7 9. Nxc7+ Kd8 10. Nxa8 b6 11. Ba4 Bb7 12. Nxb6 axb6 13. Qb3 b5 14.
Nf3 bxa4 15. Qxa4 e4 16. Nd4 Nxd4 17. Qxd4 Bg7 18. Qe3 Ke8 19. Qc5 Kf7 20.
Qb6 Bc6 21. Qb3+ Qe6 22. Qxe6+ Kxe6 23. a4 Ra8 24. a5 Nb5 25. h4 h5 26. c4
Nd4 27. O-O Nb3 28. Ra3 Nxa5 29. c5 Nc4 30. Rxa8 Bxa8 31. b3 Ne5 32. Ba3 Nc6
33. b4 Bb7 34. b5 Nd4 35. Rb1 Be5 36. Bb2 Kd5 37. Ba3 Bf6 38. g3 Be7 39. c6
dxc6 40. bxc6 Bxc6 41. Bxe7 Nf3+ 42. Kg2 Nxd2 43. Rd1 Kc4 44. Rc1+ Kd5 45.
Rc5+ Ke6 46. Bg5 Bd5 47. Bxd2 {Black resigns} 1-0

[Event "GambitGuide"]
[Site "Internet Chess Club"]
[Date "2014.10.30"]
[Round "1"]
[White "JSBach"]
[Black "ehus33"]
[Result "1-0"]
[ICCResult "Black resigns"]
[WhiteElo "1660"]
[BlackElo "1196"]
[Opening "Vienna: `Frankenstein-Dracula' variation"]
[ECO "C27"]
[NIC "VG.02"]
[Time "23:57:35"]
[TimeControl "120+12"]

1. e4 e5 2. Nc3 Nf6 3. Bc4 Nxe4 4. Qh5 Nd6 5. Bb3 Nc6 6. Nb5 g6 7. Qf3 f5 8.
Qd5 Qe7 9. Nxc7+ Kd8 10. Nxa8 b6 11. Ba4 Nd4 12. f4 Bb7 13. Qxe5 Qxe5+ 14.
fxe5 Ne4 15. c3 Ne6 16. d3 N4c5 17. Bb5 Bxa8 18. Nf3 Bxf3 19. gxf3 a6 20.
Bc4 b5 21. Bxe6 dxe6 22. d4 Nd3+ 23. Ke2 Nf4+ 24. Bxf4 {Black resigns} 1-0

[Event "GambitGuide"]
[Site "Internet Chess Club"]
[Date "2014.10.30"]
[Round "1"]
[White "JSBach"]
[Black "superpuma"]
[Result "1/2-1/2"]
[ICCResult "Game drawn by repetition"]
[WhiteElo "1660"]
[BlackElo "2046"]
[Opening "Vienna: `Frankenstein-Dracula' variation"]
[ECO "C27"]
[NIC "VG.02"]
[Time "23:55:42"]
[TimeControl "120+12"]

1. e4 e5 2. Nc3 Nf6 3. Bc4 Nxe4 4. Qh5 Nd6 5. Bb3 Nc6 6. Nb5 g6 7. Qf3 f5 8.
Qd5 Qe7 9. Nxc7+ Kd8 10. Nxa8 b6 11. Ba4 Bb7 12. Nxb6 axb6 13. Qb3 Kc7 14.
Ne2 Ne4 15. Qb5 Nc5 16. O-O Ba6 17. Nc3 Bxb5 18. Nd5+ Kb7 19. Nxe7 Bxa4 20.
Nxc6 Bxc6 21. f3 e4 22. fxe4 Nxe4 23. Re1 d5 24. d3 Nc5 25. Bf4 h6 26. Be5
Rh7 27. Re2 Bg7 28. Rae1 Bxe5 29. Rxe5 Rd7 30. b4 Na4 31. Re6 Nc3 32. Rxg6
Nxa2 33. b5 Bxb5 34. Rxh6 Ba4 35. Rb1 b5 36. Rb2 Nc3 37. Re6 d4 38. h4 Nd1
39. Ra2 Ne3 40. c4 Bc2 41. Rxe3 dxe3 42. Rxc2 Rxd3 43. cxb5 Rd1+ 44. Kh2 Rd2
45. Rc1 f4 46. Rf1 e2 47. Re1 Kb6 48. h5 Kxb5 49. h6 Rd5 50. Kg1 Rh5 51. Kf2
Rxh6 52. Rxe2 Kc5 53. Rc2+ Kd4 54. Kf3 Rf6 55. Rd2+ Ke5 56. Re2+ Kf5 57. Re7
Kg5 58. Re1 Rf5 59. Re4 Rf6 60. Rd4 Rf5 61. Re4 Rf6 62. Rd4 Rf5 63. Rc4 Rf6
64. Rc3 Rf5 65. Rc4 Rf6 66. Rb4 Rf5 67. Rd4 Rf6 68. Rd5+ Rf5 69. Rd4 Rf6 70.
Rb4 Rf5 71. Rc4 {Game drawn by repetition} 1/2-1/2

[Event "GambitGuide"]
[Site "Internet Chess Club"]
[Date "2014.10.30"]
[Round "1"]
[White "JSBach"]
[Black "RamRock"]
[Result "1-0"]
[ICCResult "Black checkmated"]
[WhiteElo "1660"]
[BlackElo "1685"]
[Opening "Vienna: `Frankenstein-Dracula' variation"]
[ECO "C27"]
[NIC "VG.02"]
[Time "23:58:26"]
[TimeControl "120+12"]

1. e4 e5 2. Nc3 Nf6 3. Bc4 Nxe4 4. Qh5 Nd6 5. Bb3 Nc6 6. Nb5 g6 7. Qf3 f5 8.
Qd5 Qe7 9. Nxc7+ Kd8 10. Nxa8 b6 11. Ba4 Bb7 12. Nxb6 axb6 13. Qb3 b5 14.
Nf3 bxa4 15. Qxa4 Bg7 16. O-O e4 17. Ne1 Ke8 18. d3 Kf7 19. Qb3+ Qe6 20.
Qxe6+ Kxe6 21. a4 exd3 22. Nxd3 Ne5 23. Re1 Kd5 24. Nf4+ Kc6 25. a5 Ba6 26.
Ra3 Kb7 27. Rb3+ Ka7 28. Be3+ Ka8 29. Rb6 Bb7 30. Rxd6 Nc4 31. Rxd7 Nxe3 32.
Rxg7 Nxc2 33. Ree7 Rb8 34. a6 Bxa6 35. Ra7# {Black checkmated} 1-0

[Event "GambitGuide"]
[Site "Internet Chess Club"]
[Date "2014.10.30"]
[Round "1"]
[White "JSBach"]
[Black "Totoro"]
[Result "1-0"]
[ICCResult "Black checkmated"]
[WhiteElo "1660"]
[BlackElo "1531"]
[Opening "Vienna: `Frankenstein-Dracula' variation"]
[ECO "C27"]
[NIC "VG.02"]
[Time "23:57:56"]
[TimeControl "120+12"]

1. e4 e5 2. Nc3 Nf6 3. Bc4 Nxe4 4. Qh5 Nd6 5. Bb3 Nc6 6. Nb5 g6 7. Qf3 f5 8.
Qd5 Qe7 9. Nxc7+ Kd8 10. Nxa8 b6 11. Ba4 Bb7 12. Nxb6 axb6 13. Qb3 b5 14.
Nf3 bxa4 15. Qxa4 Kc7 16. O-O Bg7 17. Re1 Ra8 18. Qb3 Qf6 19. d3 h6 20. Be3
g5 21. Bb6+ Kc8 22. Qg8+ Nd8 23. Bxd8 Qxd8 24. Qxg7 Bxf3 25. gxf3 g4 26.
fxg4 fxg4 27. Rxe5 Kc7 28. Qxg4 Qh8 29. Rc5+ Kb6 30. Qb4+ Ka6 31. Ra5#
{Black checkmated}
1-0

[Event "GambitGuide"]
[Site "Internet Chess Club"]
[Date "2014.10.30"]
[Round "1"]
[White "JSBach"]
[Black "Nickovic"]
[Result "1-0"]
[ICCResult "Black checkmated"]
[WhiteElo "1660"]
[BlackElo "1400"]
[Opening "Vienna: `Frankenstein-Dracula' variation"]
[ECO "C27"]
[NIC "VG.02"]
[Time "23:58:27"]
[TimeControl "120+12"]

1. e4 e5 2. Nc3 Nf6 3. Bc4 Nxe4 4. Qh5 Nd6 5. Bb3 Nc6 6. Nb5 g6 7. Qf3 f5 8.
Qd5 Qe7 9. Nxc7+ Kd8 10. Nxa8 b6 11. Ba4 Bb7 12. Nxb6 axb6 13. Qb3 Bg7 14.
Qxb6+ Ke8 15. Ne2 Nd8 16. O-O Qg5 17. g3 Qg4 18. Qxd6 Qf3 19. Qxd7+ Kf8 20.
Qe8# {Black checkmated} 1-0

[Event "GambitGuide"]
[Site "Internet Chess Club"]
[Date "2014.10.30"]
[Round "1"]
[White "JSBach"]
[Black "ehus33"]
[Result "1-0"]
[ICCResult "Black resigns"]
[WhiteElo "1660"]
[BlackElo "1196"]
[Opening "Vienna: `Frankenstein-Dracula' variation"]
[ECO "C27"]
[NIC "VG.02"]
[Time "23:58:44"]
[TimeControl "120+12"]

1. e4 e5 2. Nc3 Nf6 3. Bc4 Nxe4 4. Qh5 Nd6 5. Bb3 Nc6 6. Nb5 g6 7. Qf3 f5 8.
Qd5 Qe7 9. Nxc7+ Kd8 10. Nxa8 b6 11. Ba4 Nb4 12. Qb3 Na6 13. Nf3 Bb7 14.
Nxb6 axb6 15. Qxb6+ Ke8 16. Rb1 e4 17. Nd4 Nb8 18. Nb5 Nxb5 19. Qxb7
{Black resigns}
1-0

[Event "GambitGuide"]
[Site "Internet Chess Club"]
[Date "2014.10.30"]
[Round "1"]
[White "JSBach"]
[Black "DonaldBumsfeld"]
[Result "1-0"]
[ICCResult "Black resigns"]
[WhiteElo "1660"]
[BlackElo "1687"]
[Opening "Vienna: `Frankenstein-Dracula' variation"]
[ECO "C27"]
[NIC "VG.02"]
[Time "23:58:03"]
[TimeControl "120+12"]

1. e4 e5 2. Nc3 Nf6 3. Bc4 Nxe4 4. Qh5 Nd6 5. Bb3 Nc6 6. Nb5 g6 7. Qf3 f5 8.
Qd5 Qe7 9. Nxc7+ Kd8 10. Nxa8 b6 11. Ba4 Bb7 12. Nxb6 axb6 13. Qb3 Kc7 14.
Ne2 Nc8 15. Qc4 Qc5 16. d3 Qxc4 17. dxc4 Nd6 18. Bb5 Nxb5 19. cxb5 Ne7 20.
Rg1 Nd5 21. c4 Nb4 22. Kd1 Nd3 23. f3 Bc5 24. Rf1 Re8 25. Kd2 e4 26. Nc3
Nxc1 27. Kxc1 Be3+ 28. Kd1 Bf4 29. fxe4 Bxh2 30. Nd5+ Bxd5 31. exd5 Re4 32.
Rc1 Kd6 33. Rc2 Be5 34. Re1 Rxe1+ 35. Kxe1 Kc5 36. b3 Kb4 37. Re2 d6 38.
Rxe5 dxe5 39. d6 {Black resigns} 1-0

[Event "GambitGuide"]
[Site "Internet Chess Club"]
[Date "2014.10.30"]
[Round "1"]
[White "JSBach"]
[Black "Totoro"]
[Result "1-0"]
[ICCResult "Black resigns"]
[WhiteElo "1660"]
[BlackElo "1531"]
[Opening "Vienna: `Frankenstein-Dracula' variation"]
[ECO "C27"]
[NIC "VG.02"]
[Time "23:59:28"]
[TimeControl "120+12"]

1. e4 e5 2. Nc3 Nf6 3. Bc4 Nxe4 4. Qh5 Nd6 5. Bb3 Nc6 6. Nb5 g6 7. Qf3 f5 8.
Qd5 Qe7 9. Nxc7+ Kd8 10. Nxa8 b6 11. Ba4 Bb7 12. Nxb6 axb6 13. Qb3 b5 14.
Nf3 bxa4 15. Qxa4 Bg7 16. O-O Ke8 17. Re1 Kf7 18. Qb3+ Qe6 19. Ng5+
{Black resigns}
1-0

[Event "GambitGuide"]
[Site "Internet Chess Club"]
[Date "2014.10.30"]
[Round "1"]
[White "JSBach"]
[Black "RamRock"]
[Result "1-0"]
[ICCResult "Black resigns"]
[WhiteElo "1660"]
[BlackElo "1685"]
[Opening "Vienna: `Frankenstein-Dracula' variation"]
[ECO "C27"]
[NIC "VG.02"]
[Time "23:59:15"]
[TimeControl "120+12"]

1. e4 e5 2. Nc3 Nf6 3. Bc4 Nxe4 4. Qh5 Nd6 5. Bb3 Nc6 6. Nb5 g6 7. Qf3 f5 8.
Qd5 Qe7 9. Nxc7+ Kd8 10. Nxa8 b6 11. Ba4 Bb7 12. Nxb6 axb6 13. Qb3 b5 14.
Nf3 bxa4 15. Qxa4 Bg7 16. O-O e4 17. Ne1 Ke8 18. d3 Kf7 19. Qb3+ Qe6 20.
Qxe6+ dxe6 21. a4 exd3 22. Nxd3 Nc4 23. Rd1 N6e5 24. Nxe5+ Bxe5 25. Rd7+ Kf6
26. Rxb7 Rd8 27. Kf1 Ra8 28. f4 Bd6 29. b3 Na5 30. Bb2+ e5 31. fxe5+ Bxe5
32. Rb6+ {Black resigns} 1-0

[Event "GambitGuide"]
[Site "Internet Chess Club"]
[Date "2014.10.31"]
[Round "1"]
[White "JSBach"]
[Black "Totoro"]
[Result "1-0"]
[ICCResult "Black resigns"]
[WhiteElo "1660"]
[BlackElo "1531"]
[Opening "Vienna: `Frankenstein-Dracula' variation"]
[ECO "C27"]
[NIC "VG.02"]
[Time "00:00:08"]
[TimeControl "120+12"]

1. e4 e5 2. Nc3 Nf6 3. Bc4 Nxe4 4. Qh5 Nd6 5. Bb3 Nc6 6. Nb5 g6 7. Qf3 f5 8.
Qd5 Qe7 9. Nxc7+ Kd8 10. Nxa8 b6 11. Ba4 Bb7 12. Nxb6 axb6 13. Qb3 b5 14.
Nf3 bxa4 15. Qxa4 Ke8 16. O-O Kf7 17. d4 e4 18. Re1 Qe6 19. Ng5+ {Black
resigns} 1-0

[Event "GambitGuide"]
[Site "Internet Chess Club"]
[Date "2014.10.31"]
[Round "1"]
[White "JSBach"]
[Black "Totoro"]
[Result "1-0"]
[ICCResult "Black resigns"]
[WhiteElo "1660"]
[BlackElo "1531"]
[Opening "Vienna: `Frankenstein-Dracula' variation"]
[ECO "C27"]
[NIC "VG.02"]
[Time "00:00:39"]
[TimeControl "120+12"]

1. e4 e5 2. Nc3 Nf6 3. Bc4 Nxe4 4. Qh5 Nd6 5. Bb3 Nc6 6. Nb5 g6 7. Qf3 f5 8.
Qd5 Qe7 9. Nxc7+ Kd8 10. Nxa8 b6 11. Ba4 Bb7 12. Nxb6 axb6 13. Qb3 b5 14.
Ne2 bxa4 15. Qxa4 h6 16. O-O Ke8 17. d4 e4 18. Re1 Kf7 19. Qb3+ Kg7 20. Bf4
g5 21. Bxd6 Qxd6 22. Qxb7 {Black resigns} 1-0

[Event "GambitGuide"]
[Site "Internet Chess Club"]
[Date "2014.10.31"]
[Round "1"]
[White "JSBach"]
[Black "ehus33"]
[Result "1-0"]
[ICCResult "Black resigns"]
[WhiteElo "1660"]
[BlackElo "1196"]
[Opening "Vienna: `Frankenstein-Dracula' variation"]
[ECO "C27"]
[NIC "VG.02"]
[Time "00:00:46"]
[TimeControl "120+12"]

1. e4 e5 2. Nc3 Nf6 3. Bc4 Nxe4 4. Qh5 Nd6 5. Bb3 Nc6 6. Nb5 g6 7. Qf3 f5 8.
Qd5 Qe7 9. Nxc7+ Kd8 10. Nxa8 b6 11. Ba4 Nd4 12. f4 b5 13. fxe5 Ne4 14. Qxd4
{Black resigns}
1-0

[Event "GambitGuide"]
[Site "Internet Chess Club"]
[Date "2014.10.31"]
[Round "1"]
[White "JSBach"]
[Black "Totoro"]
[Result "1-0"]
[ICCResult "Black resigns"]
[WhiteElo "1660"]
[BlackElo "1531"]
[Opening "Vienna: `Frankenstein-Dracula' variation"]
[ECO "C27"]
[NIC "VG.02"]
[Time "00:01:08"]
[TimeControl "120+12"]

1. e4 e5 2. Nc3 Nf6 3. Bc4 Nxe4 4. Qh5 Nd6 5. Bb3 Nc6 6. Nb5 g6 7. Qf3 f5 8.
Qd5 Qe7 9. Nxc7+ Kd8 10. Nxa8 b6 11. Ba4 Bb7 12. Nxb6 axb6 13. Qb3 b5 14.
Ne2 bxa4 15. Qxa4 h6 16. Nc3 Bg7 17. Nd5 Qe6 18. Qb3 Bc8 19. Qb6+ Ke8 20.
Nc7+ {Black resigns} 1-0

[Event "GambitGuide"]
[Site "Internet Chess Club"]
[Date "2014.10.30"]
[Round "1"]
[White "JSBach"]
[Black "Ernie1"]
[Result "1-0"]
[ICCResult "Black forfeits on time"]
[WhiteElo "1660"]
[BlackElo "1381"]
[Opening "Vienna: `Frankenstein-Dracula' variation"]
[ECO "C27"]
[NIC "VG.02"]
[Time "23:57:32"]
[TimeControl "120+12"]

1. e4 e5 2. Nc3 Nf6 3. Bc4 Nxe4 4. Qh5 Nd6 5. Bb3 Nc6 6. Nb5 g6 7. Qf3 f5 8.
Qd5 Qe7 9. Nxc7+ Kd8 10. Nxa8 b6 11. Ba4 Bg7 12. Bxc6 dxc6 13. Qb3 Be6 14.
Qa4 Bd5 15. Ne2 Bxg2 16. Rg1 Bf3 17. d3 e4 18. Bg5 Bf6 19. Bxf6 Qxf6 20.
Qxa7 Qxb2 21. Qxb6+ Qxb6 22. Nxb6 exd3 23. Nd4 Re8+ 24. Kd2 c5 25. Nxf3
{Black forfeits on time}
1-0

[Event "GambitGuide"]
[Site "Internet Chess Club"]
[Date "2014.10.31"]
[Round "1"]
[White "JSBach"]
[Black "chess505"]
[Result "1-0"]
[ICCResult "Black resigns"]
[WhiteElo "1660"]
[BlackElo "1097"]
[Opening "Vienna: `Frankenstein-Dracula' variation"]
[ECO "C27"]
[NIC "VG.02"]
[Time "00:01:39"]
[TimeControl "120+12"]

1. e4 e5 2. Nc3 Nf6 3. Bc4 Nxe4 4. Qh5 Nd6 5. Bb3 Nc6 6. Nb5 g6 7. Qf3 f5 8.
Qd5 Qe7 9. Nxc7+ Kd8 10. Nxa8 b6 11. Ba4 b5 12. Bxb5 Nxb5 13. Qxb5 Nd4 14.
Qa5+ Ke8 15. Nc7+ Kd8 16. Nd5+ Ke8 17. Nxe7 Kxe7 18. Qxe5+ Kd8 19. Qxd4
{Black resigns}
1-0

[Event "GambitGuide"]
[Site "Internet Chess Club"]
[Date "2014.10.31"]
[Round "1"]
[White "JSBach"]
[Black "RamRock"]
[Result "1-0"]
[ICCResult "Black resigns"]
[WhiteElo "1660"]
[BlackElo "1685"]
[Opening "Vienna: `Frankenstein-Dracula' variation"]
[ECO "C27"]
[NIC "VG.02"]
[Time "00:00:17"]
[TimeControl "120+12"]

1. e4 e5 2. Nc3 Nf6 3. Bc4 Nxe4 4. Qh5 Nd6 5. Bb3 Nc6 6. Nb5 g6 7. Qf3 f5 8.
Qd5 Qe7 9. Nxc7+ Kd8 10. Nxa8 b6 11. Ba4 Bb7 12. Nxb6 axb6 13. Qb3 b5 14.
Nf3 bxa4 15. Qxa4 e4 16. Nd4 Nxd4 17. Qxd4 Bg7 18. Qe3 Qe5 19. O-O Qd4 20.
c3 Qxe3 21. dxe3 Ba6 22. Re1 Nc4 23. a4 Ne5 24. h4 Nd3 25. Rf1 Kc7 26. Rd1
Rb8 27. Rd2 Bc4 28. a5 Bb3 29. f3 d5 30. fxe4 dxe4 31. h5 Ra8 32. g4 Kc6 33.
hxg6 hxg6 34. gxf5 gxf5 35. Rg2 Be5 36. Rg5 Nxc1 37. Rxc1 Be6 38. b4 Kb5 39.
Rc2 Kc4 40. Rcg2 Kxc3 41. Rg6 Bc4 42. Rb6 Ra7 43. Rg5 Rg7 44. Rxg7 Bxg7 45.
a6 Bxa6 46. Rxa6 Kxb4 47. Rg6 Bc3 48. Rg5 Bd2 49. Rg3 Kc4 50. Kf2 Kd3 51.
Rh3 f4 52. exf4+ Kd4 53. f5 Bb4 54. f6 Bc5 55. f7 Ke5+ 56. Kf1 Ke6 57. Rh7
Bf8 58. Ke2 Bc5 59. Kd2 e3+ 60. Ke2 Ke7 61. Rg7 Kf8 62. Rh7 Ke7 63. Rg7 Kf8
64. Rh7 Ke7 65. Rh5 Ba7 66. Rh8 Kxf7 67. Rh7+ Ke6 68. Rxa7 Kd5 69. Kxe3
{Black resigns}
1-0

[Event "GambitGuide"]
[Site "Internet Chess Club"]
[Date "2014.10.31"]
[Round "1"]
[White "JSBach"]
[Black "RamRock"]
[Result "1-0"]
[ICCResult "Black resigns"]
[WhiteElo "1660"]
[BlackElo "1685"]
[Opening "Vienna: `Frankenstein-Dracula' variation"]
[ECO "C27"]
[NIC "VG.02"]
[Time "00:03:05"]
[TimeControl "120+12"]

1. e4 e5 2. Nc3 Nf6 3. Bc4 Nxe4 4. Qh5 Nd6 5. Bb3 Nc6 6. Nb5 g6 7. Qf3 f5 8.
Qd5 Qe7 9. Nxc7+ Kd8 10. Nxa8 b6 11. Ba4 Bb7 12. Nxb6 axb6 13. Qb3 b5 14.
Nf3 bxa4 15. Qxa4 Bg7 16. d3 Ke8 17. Be3 f4 18. Bc5 Qe6 19. O-O Kf7 20. Ng5+
{Black resigns}
1-0

[Event "GambitGuide"]
[Site "Internet Chess Club"]
[Date "2014.10.30"]
[Round "1"]
[White "JSBach"]
[Black "superpuma"]
[Result "1/2-1/2"]
[ICCResult "Game drawn because neither player has mating material"]
[WhiteElo "1660"]
[BlackElo "2046"]
[Opening "Vienna: `Frankenstein-Dracula' variation"]
[ECO "C27"]
[NIC "VG.02"]
[Time "23:59:22"]
[TimeControl "120+12"]

1. e4 e5 2. Nc3 Nf6 3. Bc4 Nxe4 4. Qh5 Nd6 5. Bb3 Nc6 6. Nb5 g6 7. Qf3 f5 8.
Qd5 Qe7 9. Nxc7+ Kd8 10. Nxa8 b6 11. Ba4 Bb7 12. Nxb6 axb6 13. Qb3 Kc7 14.
Ne2 Ne4 15. Qb5 Nc5 16. O-O Ba6 17. Nc3 Bxb5 18. Nd5+ Kb7 19. Nxe7 Bxa4 20.
Nxc6 Bxc6 21. g3 Bg7 22. d3 d5 23. Rb1 e4 24. b4 Ne6 25. b5 Bd7 26. Rd1 Nd4
27. Be3 Nxb5 28. dxe4 d4 29. exf5 Bxf5 30. Rxb5 dxe3 31. Rxf5 gxf5 32. Rd7+
Kc6 33. Rxg7 exf2+ 34. Kxf2 Ra8 35. Rxh7 Rxa2 36. Ke3 Rxc2 37. h4 b5 38. Rf7
b4 39. Rxf5 b3 40. Kd3 Rc1 41. Rf6+ Kc5 42. Rf2 Kb4 43. g4 Rg1 44. g5 Rg4
45. Rh2 Rg3+ 46. Ke4 Kc3 47. Kf4 Rg1 48. Rh3+ Kc2 49. Rh2+ Kc1 50. Ke3 b2
51. Kf2 Rg4 52. Rh1+ Kc2 53. Rh2 b1=Q 54. Kf3+ Kd3 55. Kxg4 Qg1+ 56. Kh3 Ke3
57. Rb2 Qf1+ 58. Kg3 Qf4+ 59. Kh3 Qf5+ 60. Kg2 Qg4+ 61. Kf1 Qxh4 62. Rb3+
Kd2 63. Rb2+ Kc3 64. Rg2 Qf4+ 65. Kg1 Qe3+ 66. Kh2 Qe7 67. Rg3+ Kd4 68. Kh3
Qh7+ 69. Kg4 Qg6 70. Rf3 Ke5 71. Rf6 Qg7 72. Kh5 Qh7+ 73. Kg4 Qg7 74. Rf5+
Ke6 75. Rf3 Qe5 76. Rf6+ Qxf6 77. gxf6 Kxf6
{Game drawn because neither player has mating material}
1/2-1/2

[Event "GambitGuide"]
[Site "Internet Chess Club"]
[Date "2014.10.31"]
[Round "1"]
[White "JSBach"]
[Black "Totoro"]
[Result "1-0"]
[ICCResult "Black resigns"]
[WhiteElo "1660"]
[BlackElo "1531"]
[Opening "Vienna: `Frankenstein-Dracula' variation"]
[ECO "C27"]
[NIC "VG.02"]
[Time "00:01:35"]
[TimeControl "120+12"]

1. e4 e5 2. Nc3 Nf6 3. Bc4 Nxe4 4. Qh5 Nd6 5. Bb3 Nc6 6. Nb5 g6 7. Qf3 f5 8.
Qd5 Qe7 9. Nxc7+ Kd8 10. Nxa8 b6 11. Ba4 Bb7 12. Nxb6 axb6 13. Qb3 b5 14.
Nf3 bxa4 15. Qxa4 Ke8 16. d3 Kf7 17. Qb3+ Kg7 18. Bg5 Qe6 19. Qxe6 dxe6 20.
Be3 e4 21. Ng5 Kf6 22. dxe4 Nxe4 23. Nxe4+ fxe4 24. a4 Nb4 25. O-O-O Bc6 26.
a5 Bg7 27. Rhe1 Ra8 28. Bd2 Na6 29. Bc3+ Kf7 30. Bxg7 Kxg7 31. Rd6 Bd5 32.
Rd7+ Kh6 33. Re3 Nc5 34. Rh3+ Kg5 35. Rdxh7 e3 36. Rxe3 Ne4 37. h4+ Kf6 38.
f3 Ng3 39. b4 Nf5 40. Re2 Ng3 41. Rd2 Rb8 42. c3 Bc4 43. Rc7 Bd5 44. a6 Rb6
45. a7 Ra6 46. c4 Ba8 47. Rd8 {Black resigns} 1-0

[Event "GambitGuide"]
[Site "Internet Chess Club"]
[Date "2014.10.31"]
[Round "1"]
[White "JSBach"]
[Black "RamRock"]
[Result "1-0"]
[ICCResult "Black resigns"]
[WhiteElo "1660"]
[BlackElo "1685"]
[Opening "Vienna: `Frankenstein-Dracula' variation"]
[ECO "C27"]
[NIC "VG.02"]
[Time "00:03:27"]
[TimeControl "120+12"]

1. e4 e5 2. Nc3 Nf6 3. Bc4 Nxe4 4. Qh5 Nd6 5. Bb3 Nc6 6. Nb5 g6 7. Qf3 f5 8.
Qd5 Qe7 9. Nxc7+ Kd8 10. Nxa8 b6 11. Ba4 Bb7 12. Nxb6 axb6 13. Qb3 Bg7 14.
Qxb6+ Ke8 15. Ne2 Kf7 16. Bb3+ Kf6 17. Bd5 Rb8 18. Qc5 Nd8 19. Qb4 Bxd5 20.
Qxb8 Nc6 21. Qc7 e4 22. Nf4 Be6 23. a4 g5 24. Nxe6 Qxe6 25. h4 g4 26. O-O h5
27. Re1 Bh6 28. a5 f4 29. d3 f3 30. Bxh6 fxg2 31. Bg5+ Kg6 32. dxe4 Nxe4 33.
Ra4 Nxg5 34. Rxe6+ Nxe6 35. Qxd7 {Black resigns} 1-0

[Event "GambitGuide"]
[Site "Internet Chess Club"]
[Date "2014.10.31"]
[Round "1"]
[White "JSBach"]
[Black "ehus33"]
[Result "1-0"]
[ICCResult "Black resigns"]
[WhiteElo "1660"]
[BlackElo "1196"]
[Opening "Vienna: `Frankenstein-Dracula' variation"]
[ECO "C27"]
[NIC "VG.02"]
[Time "00:02:48"]
[TimeControl "120+12"]

1. e4 e5 2. Nc3 Nf6 3. Bc4 Nxe4 4. Qh5 Nd6 5. Bb3 Nc6 6. Nb5 g6 7. Qf3 f5 8.
Qd5 Qe7 9. Nxc7+ Kd8 10. Nxa8 b6 11. Ba4 Bb7 12. Nxb6 axb6 13. Qb3 Nc8 14.
Ne2 Bg7 15. Bb5 Ke8 16. O-O Qe6 17. Qxe6+ dxe6 18. Re1 Kf7 19. h4 Rf8 20.
Bc4 Nd8 21. Rb1 Kg8 22. Bd3 e4 23. Bc4 Nd6 24. Bb3 Kh8 25. Nf4 Re8 26. a3
Be5 27. d3 Bxf4 28. Bxf4 N6f7 29. Ba4 Re7 30. Be3 Bd5 31. dxe4 Bxe4 32. Bd4+
Kg8 33. Bxb6 Nc6 34. Rxe4 fxe4 35. Bxc6 Ne5 36. Bxe4 Nc4 37. Bc5 Nd2 38.
Bxe7 Nxe4 39. b4 {Black resigns} 1-0

[Event "GambitGuide"]
[Site "Internet Chess Club"]
[Date "2014.10.31"]
[Round "1"]
[White "JSBach"]
[Black "ehus33"]
[Result "1-0"]
[ICCResult "Black checkmated"]
[WhiteElo "1660"]
[BlackElo "1196"]
[Opening "Vienna: `Frankenstein-Dracula' variation"]
[ECO "C27"]
[NIC "VG.02"]
[Time "00:04:52"]
[TimeControl "120+12"]

1. e4 e5 2. Nc3 Nf6 3. Bc4 Nxe4 4. Qh5 Nd6 5. Bb3 Nc6 6. Nb5 g6 7. Qf3 f5 8.
Qd5 Qe7 9. Nxc7+ Kd8 10. Nxa8 b6 11. Ba4 Nd4 12. f4 Bb7 13. Qxe5 Qxe5+ 14.
fxe5 Ne8 15. e6 Bxa8 16. exd7 Nd6 17. d3 Bc6 18. Be3 Bxa4 19. Bxd4 Rg8 20.
Be5 Bxd7 21. Rd1 Nb5 22. Rd2 Bb4 23. c3 Ba5 24. d4 Re8 25. b4 Nxc3 26. bxa5
bxa5 27. Rc2 Nd5 28. Rc5 Nf4 29. Kd2 Ne6 30. Bf6+ Re7 31. Rxa5 Ke8 32. Rxa7
Rf7 33. Ra8+ Nd8 34. Rxd8# {Black checkmated} 1-0

[Event "GambitGuide"]
[Site "Internet Chess Club"]
[Date "2014.10.31"]
[Round "1"]
[White "JSBach"]
[Black "Totoro"]
[Result "1-0"]
[ICCResult "Black resigns"]
[WhiteElo "1660"]
[BlackElo "1531"]
[Opening "Vienna: `Frankenstein-Dracula' variation"]
[ECO "C27"]
[NIC "VG.02"]
[Time "00:04:23"]
[TimeControl "120+12"]

1. e4 e5 2. Nc3 Nf6 3. Bc4 Nxe4 4. Qh5 Nd6 5. Bb3 Nc6 6. Nb5 g6 7. Qf3 f5 8.
Qd5 Qe7 9. Nxc7+ Kd8 10. Nxa8 b6 11. Ba4 Bb7 12. Nxb6 axb6 13. Qb3 b5 14.
Ne2 bxa4 15. Qxa4 Bh6 16. O-O Kc7 17. Re1 Ra8 18. Qb3 Qg7 19. Qd3 e4 20. Qd5
Ra5 21. Qb3 Rb5 22. Qg3 Qe5 23. Qh3 Qg7 24. Nc3 Re5 25. d4 exd3 26. Bxh6 Qe7
27. Nd5+ {Black resigns} 1-0

[Event "GambitGuide"]
[Site "Internet Chess Club"]
[Date "2014.10.31"]
[Round "1"]
[White "JSBach"]
[Black "RamRock"]
[Result "1/2-1/2"]
[ICCResult "Game drawn by repetition"]
[WhiteElo "1660"]
[BlackElo "1685"]
[Opening "Vienna: `Frankenstein-Dracula' variation"]
[ECO "C27"]
[NIC "VG.02"]
[Time "00:04:25"]
[TimeControl "120+12"]

1. e4 e5 2. Nc3 Nf6 3. Bc4 Nxe4 4. Qh5 Nd6 5. Bb3 Nc6 6. Nb5 g6 7. Qf3 f5 8.
Qd5 Qe7 9. Nxc7+ Kd8 10. Nxa8 b6 11. Ba4 Bb7 12. Nxb6 axb6 13. Qb3 b5 14.
Nf3 bxa4 15. Qxa4 e4 16. Nd4 Nxd4 17. Qxd4 Bg7 18. Qc5 Qe5 19. Qxe5 Bxe5 20.
a4 Nc4 21. Rb1 Bd6 22. b4 Kc7 23. a5 Rb8 24. Kd1 Ba6 25. c3 Kc6 26. Bb2
Nxb2+ 27. Rxb2 Bd3 28. Re1 Kb5 29. Rg1 Kc4 30. a6 Kb5 31. Ra2 Ra8 32. Ra5+
Kb6 33. Rd5 Kc6 34. Ra5 Rxa6 35. Rxa6+ Bxa6 36. Re1 Bd3 37. Re3 Kb5 38. Kc1
Kc4 39. Kd1 Bxh2 40. Rh3 Bg1 41. Rxh7 Bxf2 42. Rxd7 g5 43. Rf7 e3 44. Rc7+
Kb5 45. Rc5+ Kb6 46. dxe3 Bxe3 47. Re5 Bg1 48. Kd2 Be4 49. g4 Bb1 50. Re1
fxg4 51. Rxb1 Bf2 52. c4 g3 53. c5+ Kb5 54. Ke2 Bd4 55. Kd3 Bf2 56. Ke2 Bd4
57. Kd3 Bf2 58. Ke2 {Game drawn by repetition} 1/2-1/2

[Event "GambitGuide"]
[Site "Internet Chess Club"]
[Date "2014.10.31"]
[Round "1"]
[White "JSBach"]
[Black "Totoro"]
[Result "1-0"]
[ICCResult "Black resigns"]
[WhiteElo "1660"]
[BlackElo "1531"]
[Opening "Vienna: `Frankenstein-Dracula' variation"]
[ECO "C27"]
[NIC "VG.02"]
[Time "00:06:56"]
[TimeControl "120+12"]

1. e4 e5 2. Nc3 Nf6 3. Bc4 Nxe4 4. Qh5 Nd6 5. Bb3 Nc6 6. Nb5 g6 7. Qf3 f5 8.
Qd5 Qe7 9. Nxc7+ Kd8 10. Nxa8 b6 11. Ba4 Bb7 12. Nxb6 axb6 13. Qb3 b5 14.
Nf3 bxa4 15. Qxa4 Nd4 16. Nxd4 exd4+ 17. Kf1 {Black resigns} 1-0

[Event "GambitGuide"]
[Site "Internet Chess Club"]
[Date "2014.10.31"]
[Round "1"]
[White "JSBach"]
[Black "Totoro"]
[Result "1-0"]
[ICCResult "Black resigns"]
[WhiteElo "1688"]
[BlackElo "1531"]
[Opening "Vienna: `Frankenstein-Dracula' variation"]
[ECO "C27"]
[NIC "VG.02"]
[Time "00:07:28"]
[TimeControl "120+12"]

1. e4 e5 2. Nc3 Nf6 3. Bc4 Nxe4 4. Qh5 Nd6 5. Bb3 Nc6 6. Nb5 g6 7. Qf3 f5 8.
Qd5 Qe7 9. Nxc7+ Kd8 10. Nxa8 b6 11. Ba4 Bb7 12. Nxb6 axb6 13. Qb3 b5 14.
Nf3 bxa4 15. Qxa4 Nd4 16. Nxd4 exd4+ 17. Kf1 Bh6 18. Qxd4 {Black resigns}
1-0